 Dungeon Crawl Stone Soup version 0.17.0-22-g5edae84 (console) character file.

28 gw the Skirmisher (level 2, 0/24 HPs)
             Began as a Demonspawn Abyssal Knight on Nov 13, 2015.
             Was a Follower of Lugonu.
             Slain by an adder (3 damage)
             ... on level 2 of the Dungeon.
             The game lasted 00:01:19 (1244 turns).

gw the Skirmisher (Demonspawn Abyssal Knight)       Turns: 1244, Time: 00:01:19

Health: 0/24       AC: 11    Str: 12      XL:     2   Next: 96%
Magic:  4/4        EV:  5    Int: 11 (13) God:    Lugonu [*.....]
Gold:   43         SH:  0    Dex: 12      Spells: 0 memorised, 1 level left

rFire  . . .     SeeInvis .     a - +1 mace
rCold  . . .     Clarity  .     m - +0 chain mail
rNeg   . . .     SustAt   .     (no shield)
rPois  .         Gourm    .     f - +0 helmet
rElec  .         Spirit   .     d - +0 cloak
rCorr  .         Warding  .     (no gloves)
rMut   .         Stasis   .     (no boots)
MR     .....                    (no amulet)
Stlth  ..........               (no ring)
                                (no ring)

@: lethally poisoned (0 -> -7), not resistant to hostile enchantments, extremely
unstealthy
A: icy blue scales 1
a: Depart the Abyss, Renounce Religion


You were on level 2 of the Dungeon.
You worshipped Lugonu.
Lugonu was aware of your devotion.
You were hungry.

You visited 1 branch of the dungeon, and saw 2 of its levels.
You visited the Abyss 1 time.

You collected 43 gold pieces.

Inventory:

Hand Weapons
 a - a +1 mace (weapon)
Missiles
 k - 11 poisoned needles
 n - 30 stones (quivered)
Armour
 d - a +0 cloak (worn)
 f - a +0 helmet (worn)
 m - a +0 chain mail (worn)
Scrolls
 b - 3 scrolls of identify
 e - a scroll of blinking {unknown}
Comestibles
 c - 2 bread rations
 g - a meat ration
 h - a chunk of flesh


   Skills:
 + Level 3.4 Fighting
 * Level 2.1 Maces & Flails
 + Level 0.5 Throwing
 + Level 2.0 Armour
 - Level 0.8 Dodging
 + Level 2.9 Invocations


You had one spell level left.
You didn't know any spells.

Dungeon Overview and Level Annotations

Branches:
Dungeon (2/15)

Altars:
Sif Muna


Innate Abilities, Weirdness & Mutations

You are partially covered in icy blue scales (AC +1).


Message History

You feel sick. The adder bites you but does no damage.
The adder bites you but does no damage.
ATTACKING (0,-1)
You closely miss the adder.
The adder is almost dead.
You feel sick. The adder bites you. The adder bites you but does no damage.
ATTACKING (0,-1)
You hit the adder but do no damage.
The adder is almost dead.
You feel sick. The adder bites you but does no damage.
The adder barely misses you.
ATTACKING (0,-1)
Your chain mail prevents you from hitting the adder.
The adder is almost dead.
You feel sick. The adder bites you.
ATTACKING (0,-1)
Your chain mail prevents you from hitting the adder.
The adder is almost dead.
You feel sick. The adder bites you. The adder bites you.
You die...

#.......... #(#
###......## #.#
##.##..## #.#
#..##.... #.#
#.###..## #.# #.#
#>.# #.# #.# #..#
#S# #.# #..# #6#
#.# #..#
#.########.###..##
#............(....
#########.####..##
#.........
##########


You could see an adder.

Table legend:
 A = Turns spent in this place as a percentage of turns spent in the entire game.
 B = Non-inter-level travel turns spent in this place as a percentage of non-inter-level travel turns spent in the entire game.
 C = Inter-level travel turns spent in this place as a percentage of turns spent in this place.
 D = Turns resting spent in this place as a percentage of non-inter-level travel turns spent in this place.
 E = Turns spent auto-exploring this place as a percentage of non-inter-level travel turns spent in this place.
 F = Non-inter-level travel turns spent in this place divided by the number of levels of this place that you've seen.
                   A       B       C       D       E      F
               +-------+-------+-------+-------+-------+----------------------
         Total | 100.0 | 100.0 |   0.1 |   1.0 |   2.8 | 589.0
       Dungeon |  97.3 |  97.3 |   0.1 |   1.0 |   2.7 | 859.5
         Abyss |   2.7 |   2.7 |   0.0 |   0.0 |   6.2 |  48.0
               +-------+-------+-------+-------+-------+----------------------

Table legend:
 A = Kills in this place as a percentage of kills in entire the game.
 B = Kills by you in this place as a percentage of kills by you in the entire game.
 C = Kills by friends in this place as a percentage of kills by friends in the entire game.
 D = Other kills in this place as a percentage of other kills in the entire game.
 E = Experience gained in this place as a percentage of experience gained in the entire game.
 F = Experience gained in this place divided by the number of levels of this place that you have seen.
                   A       B       C       D       E      F
               +-------+-------+-------+-------+-------+----------------------
         Total | 100.0 | 100.0 |  -nan |  -nan | 100.0 |  13.3
       Dungeon | 100.0 | 100.0 |  -nan |  -nan | 100.0 |  20.0
               +-------+-------+-------+-------+-------+----------------------

Vanquished Creatures
  2 giant geckos (D:1)
  3 bats (D:1)
  2 giant cockroaches
  4 goblins
  4 hobgoblins
  3 kobolds
  A giant newt (D:1)
  3 rats
22 creatures vanquished.

Notes
Turn   | Place    | Note
--------------------------------------------------------------
     0 | Abyss:1  | gw the Demonspawn Abyssal Knight began the quest for the Orb.
     0 | Abyss:1  | Reached XP level 1. HP: 18/18 MP: 2/2
     3 | Abyss:1  | Found a corrupted altar of Lugonu.
    39 | Abyss:1  | Noticed an ophan
    40 | D:1      | Escaped the Abyss
   104 | D:1      | Reached * piety under Lugonu
   154 | D:1      | Found a deep blue altar of Sif Muna.
   377 | D:1      | Gained mutation: You are partially covered in icy blue scales (AC +1). [demonic ancestry]
   377 | D:1      | Reached XP level 2. HP: 22/24 MP: 4/4
  1244 | D:2      | Slain by an adder

Action                   || total
-------------------------++-------
Melee: Mace              ||    88
Throw: Stone             ||    29
Invok: Depart the Abyss  ||     1
  Use: Potion            ||     4
       Scroll            ||     3
  Eat: Chunk             ||     1

Vault maps used:
D:1:      sevenhm_arrival_forest_fort_small_6
D:2:      grunt_qazlal_sundering, lemuel_crystal_altar,
          okawaru_metal_pillars_1_2
Abyss:1:  hangedman_decor_lopped
